 Dungeon Crawl Stone Soup version 0.25.1-2-g60ff931df9 (webtiles) character file.

Game seed: 3468568743202934683

17480 growler the Grappler (level 12, 0/94 HPs)
             Began as a Green Draconian Transmuter on Oct 8, 2020.
             Was a Believer of Uskayaw.
             Slain by a wolf (3 damage)
             ... while petrified by a basilisk
             ... on level 10 of the Dungeon.
             The game lasted 00:48:37 (15701 turns).

growler the Grappler (Green Draconian Transmuter)  Turns: 15701, Time: 00:48:37

Health: 0/94       AC:  2    Str: 18    XL:     12   Next: 19%
Magic:  18/19      EV:  5    Int: 20    God:    Uskayaw [**....]
Gold:   744        SH:  0    Dex: 16    Spells: 2/21 levels left

rFire    + . .     SeeInvis .     - Unarmed
rCold    . . .     Gourm    .   (shield currently unavailable)
rNeg     + + +     Faith    .   (armour unavailable)
rPois    ∞         Spirit   .   (helmet currently unavailable)
rElec    .         Reflect  .   (cloak currently unavailable)
rCorr    .         Harm     .   (gloves currently unavailable)
MR       .....                  (boots currently unavailable)
Stlth    +.........             (no amulet)
HPRegen  0.25/turn              v - +6 ring of strength
MPRegen  0.16/turn              i - ring of protection from fire

@: spider-form, petrified
A: tiny, (breathe noxious fumes), unfitting armour, AC +8
a: End Transformation, Stomp, Line Pass, Renounce Religion


You were on level 10 of the Dungeon.
You worshipped Uskayaw.
Uskayaw was noncommittal.
You were hungry.
You were a venomous arachnid creature.
You visited 3 branches of the dungeon, and saw 13 of its levels.

You collected 841 gold pieces.
You spent 97 gold pieces at shops.

Inventory:

Missiles
 a - 319 arrows
 p - 3 throwing nets {!f}
 s - 239 stones (quivered)
Armour
 f - a +0 cloak (melded)
   (You found it on level 1 of the Dungeon)
 G - a +0 pair of boots (melded)
   (You found it on level 8 of the Dungeon)
 L - a +0 pair of gloves (melded)
   (You found it on level 3 of the Dungeon)
Jewellery
 i - a ring of protection from fire (right front leg)
   (You found it on level 7 of the Dungeon)
 o - an uncursed ring of protection from cold
   (You found it on level 6 of the Dungeon)
 v - a +6 ring of strength (left front leg)
   (You found it on level 4 of the Dungeon)
 x - an uncursed ring of protection from fire
   (You found it on level 11 of the Dungeon)
 B - an uncursed ring of protection from cold
   (You found it on level 8 of the Dungeon)
Wands
 c - a wand of disintegration (18)
   (You found it on level 10 of the Dungeon)
 t - a wand of flame (18)
   (You found it on level 11 of the Dungeon)
 u - a wand of paralysis (7)
   (You found it on level 8 of the Dungeon)
 K - a wand of polymorph (12)
   (You found it on level 10 of the Dungeon)
Scrolls
 d - 2 scrolls of noise {unknown}
 g - 2 scrolls of teleportation {@r4}
 l - a scroll of magic mapping
 m - 4 scrolls of remove curse {@r2}
 r - a scroll of immolation {unknown}
 w - a scroll of vulnerability {unknown}
 y - a scroll of enchant armour {unknown}
 E - a scroll of holy word
 F - a scroll of fear {unknown}
 H - 2 scrolls of amnesia {unknown}
 I - 2 scrolls of blinking
Potions
 b - a potion of invisibility
 h - 5 potions of curing {@q1}
 j - 4 potions of heal wounds {unknown}
 k - 3 potions of lignification {!q}
 n - 2 potions of stabbing {unknown}
 q - a potion of might
 z - 3 potions of mutation {unknown}
 A - a potion of haste {unknown}
 C - 3 potions of degeneration {unknown}
 D - 2 potions of magic
 J - 3 potions of berserk rage {unknown}
 N - a potion of brilliance {unknown}
Comestibles
 e - 24 rations {!d}


   Skills:
 - Level 5.0 Fighting
 - Level 6.0 Dodging
 + Level 14.2 Unarmed Combat
 - Level 5.0 Spellcasting
 - Level 10.0 Transmutations
 + Level 1.4 Earth Magic
 + Level 4.1 Invocations


You had 2 spell levels left.
You knew the following spells:

 Your Spells              Type           Power        Failure   Level  Hunger
a - Beastly Appendage     Tmut           #####.       2%          1    None
b - Blade Hands           Tmut           #####.....   16%         5    #####..
c - Ice Form              Ice/Tmut       ####....     32%         4    ####...
d - Petrify               Tmut/Erth      ####....     26%         4    ####...
s - Sticks to Snakes      Tmut           #####...     2%          2    None
x - Spider Form           Tmut/Pois      ####......   13%         3    ##.....

Your spell library contained the following spells:

 Spells                   Type           Power        Failure   Level  Hunger
 Passwall                 Tmut/Erth      ####....     7%          2    None
 Sandblast                Erth           ##....       19%         1    None
 Foxfire                  Conj/Fire      #...         28%         1    None
 Stone Arrow              Conj/Erth      #.....       47%         3    ##.....
 Conjure Flame            Conj/Fire      #.......     56%         3    ##.....
 Inner Flame              Hex/Fire       #.......     56%         3    ##.....
 Sticky Flame             Conj/Fire      #.......     89%         4    ####...
 Lee's Rapid Deconstruct  Erth           ##........   96%         5    #####..
 Fireball                 Conj/Fire      #.........   99%         5    #####..


Dungeon Overview and Level Annotations

Branches:
Dungeon (11/15)            Temple (1/1) D:6            Lair (1/6) D:10
    Orc (0/2) D:9

Altars:
Ashenzari
Cheibriados
Dithmenos
Elyvilon
Fedhas
Gozag
Hepliaklqana
Kikubaaqudgha
Makhleb
Nemelex Xobeh
Okawaru
Qazlal
Ru
Sif Muna
Trog
Uskayaw
Vehumet
Wu Jian
Xom
Yredelemnul
Zin
The Shining One

Shops:
D:5 ?   D:6 *


Innate Abilities, Weirdness & Mutations

((You can breathe blasts of noxious fumes.))
((Your lurid green scales are hard. (AC +8)))
You cannot fit into any form of body armour.
((Your system is resistant to poisons. (rPois)))
((You are cold-blooded and may be slowed by cold attacks.))


Message History

You kill the wolf!
A wolf comes into view.
The wolf misses you. The wolf bites you. The wolf completely misses you.
The wolf bites you.
A crocodile comes into view.
You barely miss the wolf. The wolf bites you. The wolf barely misses you.
The wolf completely misses you. The wolf closely misses you.
The basilisk gazes at you.
You are slowing down.
The wolf barely misses you.
The wolf bites you! x2; The wolf bites you. x2; The wolf bites you!
The wolf barely misses you. x2; The wolf bites you.
* * * LOW HITPOINT WARNING * * *
The wolf bites you.
* * * LOW HITPOINT WARNING * * *
The wolf pauses to sniff the ground.
The basilisk gazes at you. You resist with some effort.
Your limbs are stiffening.
You climb upwards.
Welcome back to the Dungeon!
You have turned to stone.
The wolf bites you. The wolf barely misses you. The wolf bites you.
* * * LOW HITPOINT WARNING * * *
The wolf completely misses you. The wolf barely misses you. The wolf bites you!
* * * LOW HITPOINT WARNING * * *
The wolf bites you.
* * * LOW HITPOINT WARNING * * *
You kill the wolf!
The wolf bites you.
* * * LOW HITPOINT WARNING * * *
The wolf bites you!
* * * LOW HITPOINT WARNING * * *
The wolf bites you.
* * * LOW HITPOINT WARNING * * *
The wolf completely misses you. The wolf bites you.
* * * LOW HITPOINT WARNING * * *
The wolf looks more healthy.
The wolf bites you!
* * * LOW HITPOINT WARNING * * *
The wolf bites you!
* * * LOW HITPOINT WARNING * * *
The wolf bites you.
* * * LOW HITPOINT WARNING * * *
The wolf bites you!
* * * LOW HITPOINT WARNING * * *
The wolf bites you.
* * * LOW HITPOINT WARNING * * *
The wolf bites you!
* * * LOW HITPOINT WARNING * * *
The wolf bites you!
* * * LOW HITPOINT WARNING * * *
The wolf bites you. The wolf bites you!
You die...

# #.########.# #
#.########.#####
#...>..........#
##########[###.#
####.###.##
#.....#...########
#.##.............#
#.##.##hhh######.#
#######.##....s## #.#
#............†.# #.##
#.#####.#####..# #..#
##.## #.# #..# ##.#
##...####.#####..# #.#
.................#####
#.#
##...###..#####......#
#.# ##.## #.##
#..###.# #.# #.# #.#
#..# #.# #.#


You could see 3 wolves.

Vanquished Creatures
  Snorg (D:10)
  2 hydras (D:11)
  Harold (D:7)
  Erolcha (D:10)
  3 two-headed ogres
  Sonja (D:10)
  An unseen horror (D:10)
  An ugly thing (D:11)
  A manticore (D:11)
  Joseph (D:10)
  A troll (D:9)
  A hornet (D:9)
  A hippogriff (D:8)
  A shadow (D:8)
  2 vampires (D:11)
  A spriggan (D:7)
  3 wyverns
  12 yaks
  5 orc warriors
  A porcupine (Lair:1)
  3 sky beasts
  3 black bears
  2 ice beasts (D:9)
  A phantom (D:4)
  5 centaurs
  2 wolves
  9 ogres
  A crocodile (D:10)
  2 big kobolds (D:8)
  10 bullfrogs
  5 scorpions
  2 water moccasin skeletons
  5 killer bees (D:11)
  9 wights
  3 howler monkeys (D:9)
  6 crimson imps
  4 jellies
  A quasit (D:10)
  A gnoll shaman (D:4)
  Crazy Yiuf (D:2)
  2 bullfrog skeletons (D:5)
  7 hounds
  4 orc priests
  Jessica (D:3)
  A centaur skeleton (D:10)
  4 iguanas
  10 worker ants
  10 orc wizards
  A hound zombie (D:9)
  A hound skeleton (D:6)
  2 worker ant zombies
  8 gnolls (D:4)
  A howler monkey skeleton (D:7)
  15 adders
  A river rat (D:3)
  5 shadow imps
  An ooze (D:1)
  2 adder zombies
  4 adder skeletons
  4 worms
  A dart slug (D:1)
  10 leopard geckos
  62 orcs
  A ball python (D:2)
  5 bats
  10 giant cockroaches
  8 goblins
  5 hobgoblins
  10 jackals
  8 kobolds
  A quokka (D:10)
  10 frilled lizards
  2 jackal skeletons
  A jackal zombie (D:5)
  A leopard gecko skeleton (D:9)
  A quokka zombie (D:9)
  4 rats
340 creatures vanquished.

Notes
Turn   | Place    | Note
-------+----------+-------------------------------------------
     0 | D:1      | growler the Draconian Transmuter began the quest for the
                  | Orb.
     0 | D:1      | Reached XP level 1. HP: 16/16 MP: 3/3
   263 | D:1      | Reached XP level 2. HP: 23/23 MP: 5/5
   306 | D:1      | Learned a level 2 spell: Sticks to Snakes
   567 | D:1      | Reached XP level 3. HP: 28/28 MP: 6/6
   606 | D:1      | Learned a level 3 spell: Spider Form
  1131 | D:2      | Noticed a bullfrog
  1141 | D:2      | Killed a bullfrog
  1141 | D:2      | Reached skill level 4 in Unarmed Combat
  1141 | D:2      | Reached XP level 4. HP: 14/35 MP: 5/7
  1410 | D:2      | Noticed an ogre
  1425 | D:2      | Killed an ogre
  1425 | D:2      | Reached XP level 5. HP: 40/40 MP: 2/8
  1792 | D:2      | Reached skill level 5 in Unarmed Combat
  1863 | D:2      | Found a runed translucent door.
  1864 | D:2      | Noticed Crazy Yiuf
  2091 | D:2      | Killed Crazy Yiuf
  2179 | D:3      | Found a blossoming altar of Fedhas.
  2209 | D:3      | Noticed Jessica
  2218 | D:3      | Killed Jessica
  2218 | D:3      | Reached XP level 6. HP: 45/47 MP: 2/9
  2569 | D:3      | Reached skill level 5 in Transmutations
  3294 | D:4      | Reached skill level 6 in Unarmed Combat
  3294 | D:4      | Your scales start taking on a lurid green colour.
  3294 | D:4      | Reached XP level 7. HP: 40/52 MP: 7/10
  3294 | D:4      | Gained mutation: Your system is resistant to poisons.
                  | (rPois) [Green Draconian growth]
  4611 | D:5      | Entered Level 5 of the Dungeon
  4622 | D:5      | Reached skill level 7 in Unarmed Combat
  4995 | D:5      | Found a blossoming altar of Fedhas.
  5026 | D:5      | Reached XP level 8. HP: 57/59 MP: 11/11
  5171 | D:5      | Learned a level 5 spell: Blade Hands
  5314 | D:5      | Found Qinumeps's Magic Scroll Emporium.
  5321 | D:5      | Bought a scroll of blinking for 97 gold pieces
  5821 | D:6      | Found Ledwu's Elemental Accessories.
  5849 | D:6      | Found an iron altar of Okawaru.
  5892 | D:6      | Found a staircase to the Ecumenical Temple.
  5899 | Temple   | Entered the Ecumenical Temple
  6123 | Temple   | Became a worshipper of Uskayaw the Reveler
  6188 | D:6      | Reached * piety under Uskayaw
  6216 | D:6      | Reached ** piety under Uskayaw
  6775 | D:7      | Noticed Harold
  6787 | D:7      | Reached *** piety under Uskayaw
  6797 | D:7      | Killed Harold
  6797 | D:7      | Reached skill level 8 in Unarmed Combat
  7004 | D:7      | Reached XP level 9. HP: 59/64 MP: 13/13
  7066 | D:7      | Reached skill level 9 in Unarmed Combat
  8232 | D:8      | Reached **** piety under Uskayaw
  8738 | D:8      | Noticed a two-headed ogre
  8757 | D:8      | Killed a two-headed ogre
  8757 | D:8      | Reached skill level 10 in Unarmed Combat
  8841 | D:8      | Reached skill level 10 in Transmutations
  8845 | D:8      | Reached XP level 10. HP: 65/71 MP: 9/14
  8846 | D:8      | Reached skill level 11 in Unarmed Combat
  8847 | D:8      | Reached ***** piety under Uskayaw
  8925 | D:8      | Learned a level 4 spell: Ice Form
 10091 | D:8      | Noticed a two-headed ogre
 10105 | D:8      | Killed a two-headed ogre
 10105 | D:8      | Reached skill level 5 in Fighting
 10105 | D:8      | Reached skill level 12 in Unarmed Combat
 10965 | D:9      | Noticed a two-headed ogre
 11202 | D:9      | Killed a two-headed ogre
 11202 | D:9      | Reached XP level 11. HP: 80/86 MP: 9/15
 11300 | D:9      | Found a faded altar of an unknown god.
 11300 | D:9      | Found a sacrificial altar of Ru.
 11305 | D:9      | Found a burning altar of Makhleb.
 11307 | D:9      | Found a stormy altar of Qazlal.
 11309 | D:9      | Found a sparkling altar of Nemelex Xobeh.
 11516 | D:9      | Paralysed by a hornet for 3 turns
 12334 | D:9      | Found a staircase to the Orcish Mines.
 12394 | D:9      | Reached skill level 13 in Unarmed Combat
 12573 | D:10     | Entered Level 10 of the Dungeon
 12573 | D:10     | Noticed Sonja
 12580 | D:10     | Killed Sonja
 12898 | D:10     | Found a burning altar of Makhleb.
 12913 | D:10     | Noticed Snorg
 12924 | D:10     | Killed Snorg
 13125 | D:10     | Reached skill level 5 in Dodging
 13326 | D:10     | Killed an unseen horror
 13650 | D:10     | Noticed Erolcha
 13657 | D:10     | Killed Erolcha
 13657 | D:10     | Reached skill level 5 in Spellcasting
 14041 | D:10     | Found a staircase to the Lair.
 14043 | D:10     | Noticed Joseph
 14055 | D:10     | Killed Joseph
 14408 | D:11     | Reached skill level 1 in Invocations
 14585 | D:11     | Noticed a red ugly thing
 14591 | D:11     | Noticed a four-headed hydra
 14592 | D:11     | Killed a red ugly thing
 14712 | D:11     | Reached skill level 14 in Unarmed Combat
 14722 | D:11     | Reached XP level 12. HP: 84/94 MP: 14/19
 14942 | D:11     | Killed a four-headed hydra
 15515 | D:11     | Noticed a six-headed hydra
 15522 | D:11     | Learned a level 4 spell: Petrify
 15535 | D:11     | Killed a 14-headed hydra
 15535 | D:11     | Reached skill level 1 in Earth Magic
 15682 | Lair:1   | Entered Level 1 of the Lair of Beasts
 15701 | D:10     | HP: 3/94 [wolf (3)]
 15701 | D:10     | Slain by a wolf

Illustrated notes

Levels and vault maps discovered:
D:1:      dpeg_arrival_tiny_i, layout_loops_ring, minmay_pentomino_v4
D:2:      layout_loops_ring, uniq_crazy_yiuf_cottage
D:3:      lemuel_upstairs_altar, layout_rooms, overflow_temple_1_default,
          first_ration, gup_sewer_entry_bubbles, st_stairs_12, kennysheep_nub,
          uniq_jessica
D:4:      layout_basic, kennysheep_minor_cross, grunt_ministairs_1
D:5:      layout_loops_ring, serial_shops,
          nicolae_shop_competitors_out_of_business, serial_rivers,
          chequers_serial_rivers_large_b, chequers_serial_rivers_micro_b,
          chequers_serial_rivers_small_b, chequers_serial_rivers_large_a,
          chequers_serial_rivers_marsh, fedhas_altar_fruit_tree
D:6:      layout_loops_ring, okawaru_metal_pillars_1_2, temple_fountains,
          nicolae_elemental_shop
D:7:      layout_loops_cross, the_bakery, lightli_corner_chamber, uniq_harold
D:8:      minmay_quarter_circles, layout_basic
D:9:      layout_small_grid, chequers_temple_overflow_minitemple,
          hiddenorc1_lemuel, nicolae_wwwww
D:10:     layout_loops_ring, lair_entry_dummy, bloody_makhleb, uniq_snorg,
          uniq_joseph, uniq_sonja, uniq_erolcha
D:11:     layout_loops_ring, portal_ice_cave_entry_pillars_1
Temple:   regret_index_temple_sphere_string
Lair:1:   layout_long_grid, gauntlet_entry_generic, grunt_forest_large_clearings

Skill      XL: |  1  2  3  4  5  6  7  8  9 10 11 12 |
---------------+-------------------------------------+-----
Transmutations | 3 4 5 6 8 10 | 10.0
Unarmed Combat | 4 5 6 7 8 10 12 14 | 14.2
Spellcasting   | 3 5 |  5.0
Fighting       | 5 |  5.0
Dodging        | 2 6 |  6.0
Invocations    | 2 4 |  4.1
Earth Magic    | 1 |  1.4

Action                   |  1- 3 |  4- 6 |  7- 9 | 10-12 || total
-------------------------+-------+-------+-------+-------++-------
Melee: Unarmed           |   143 |   199 |   300 |   441 ||  1083
       Tailslap          |     8 |    10 |    23 |    33 ||    74
       Kick              |     2 |    15 |     8 |     2 ||    27
       Headbutt          |     1 |     3 |     5 |     1 ||    10
       Punch             |     1 |     1 |     9 |    17 ||    28
 Cast: Beastly Appendage |     2 |    10 |    10 |     3 ||    25
       Sticks to Snakes  |     1 |     4 |     1 |     1 ||     7
       Spider Form       |       |     4 |    10 |    14 ||    28
       Blade Hands       |       |       |     3 |    16 ||    19
       Ice Form          |       |       |       |     1 ||     1
       Petrify           |       |       |       |     1 ||     1
Invok: Line Pass         |       |       |     1 |       ||     1
       Stomp             |       |       |     1 |     4 ||     5
 Abil: Breathe Noxious F |       |       |     2 |     5 ||     7
Evoke: Wand              |       |       |       |     2 ||     2
  Use: Scroll            |       |       |     6 |     5 ||    11
 Stab: Sleeping          |     2 |     2 |     1 |     1 ||     6
       Confused          |       |       |     1 |     3 ||     4
       Paralysed         |       |       |     3 |    25 ||    28
       Petrified         |       |       |       |     6 ||     6
  Eat: Chunk             |     1 |     8 |    17 |    31 ||    57
       Ration            |       |       |     1 |       ||     1
Armor: Skin              |    37 |    40 |    77 |   116 ||   270
Dodge: Dodged            |   112 |   118 |   162 |   282 ||   674
